 Dungeon Crawl Stone Soup version 0.30-a0-4-ga7cffc901d (webtiles) character file.

Game seed: 15235011983602899634

51 Sobieck the Digger (level 3, -1/16 HPs)
             Began as a Vine Stalker Earth Elementalist on Aug 20, 2022.
             Slain by a gnoll
             ... wielding a +0 whip
              (5 damage)
             ... on level 2 of the Dungeon.
             The game lasted 00:02:10 (1433 turns).

Sobieck the Digger (VSEE)                           Turns: 1433, Time: 00:02:10

Health: -1/16      AC:  2    Str: 16    XL:     3   Next: 81%
Magic:  0/7        EV: 12    Int: 23    God:
Gold:   52         SH:  0    Dex: 14    Spells: 5/6 levels left

rFire   . . .      SeeInvis .    a - +0 short sword {short}
rCold   . . .      Faith    .    (no shield)
rNeg    . . .      Spirit   +    d - +0 robe
rPois   .          Reflect  .    (no helmet)
rElec   .          Harm     .    (no cloak)
rCorr   .          Rampage  .    (no gloves)
Will    .....                    (no boots)
Stlth   ++........               (no amulet)
HPRegen 0.05/turn                e - +6 ring of strength
MPRegen 0.10/turn                t - +6 ring of intelligence

@: no status effects
A: fangs 2, magic shield, antimagic bite, no potion heal 2
a: no special abilities


You were on level 2 of the Dungeon.
You visited 1 branch of the dungeon, and saw 2 of its levels.

You collected 74 gold pieces.
You spent 22 gold pieces at shops.


Innate Abilities, Weirdness & Mutations

You have extremely sharp teeth.
When hurt, damage is shared between your health and your magic reserves.
Your bite disrupts and absorbs the magic of your enemies.
Potions cannot restore your health.


   Skills:
 - Level 1.5 Dodging
 - Level 2.4 Stealth
 - Level 2.1 Spellcasting
 - Level 1.0 Transmutations
 + Level 4.6 Earth Magic


You had 5 spell levels left.
You knew the following spells:

 Your Spells              Type           Power      Damage    Failure   Level
a - Sandblast             Erth           46%        2d11      1%          1

Your spell library contained the following spells:

 Spells                   Type           Power      Damage    Failure   Level
 Passwall                 Tmut/Erth      12%        N/A       6%          2
 Stone Arrow              Conj/Erth      26%        3d8       14%         3
 Petrify                  Tmut/Erth      15%        N/A       36%         4
 Blade Hands              Tmut           3%         N/A       93%         5
 Irradiate                Conj/Tmut      2%         3d12      96%         5
 Dragon Form              Tmut           3%         N/A       100%        7

Inventory:

Hand Weapons
 a - a +0 short sword (weapon) {short}
   (You took it off a kobold on level 1 of the Dungeon)
 f - a +0 club {mace}
   (You took it off a goblin on level 1 of the Dungeon)
 g - a +0 club {mace}
   (You took it off a goblin on level 1 of the Dungeon)
 o - a +0 club {mace}
   (You found it on level 1 of the Dungeon)
 p - a +0 club {mace}
   (You took it off a goblin on level 1 of the Dungeon)
 q - a +0 club {mace}
   (You took it off a goblin on level 1 of the Dungeon)
Missiles
 m - 12 stones {throwing}
 w - 5 boomerangs {throwing}
Armour
 d - a +0 robe (worn)
 k - a +0 leather armour
   (You found it on level 1 of the Dungeon)
 s - a +0 leather armour
   (You found it on level 1 of the Dungeon)
Magical Staves
 u - a staff of cold {!astaff}
   (You found it on level 2 of the Dungeon)
Jewellery
 e - a +6 ring of strength (left hand)
   (You found it on level 1 of the Dungeon)
 t - a +6 ring of intelligence (right hand)
   (You found it on level 1 of the Dungeon)
Scrolls
 c - a scroll of teleportation {unknown}
 j - 2 scrolls of noise {unknown}
 v - a scroll of fear {unknown}
Potions
 b - a potion of magic
 h - a potion of curing {@q1}
 i - a potion of mutation {!q}
 l - a potion of lignification {!q}
 n - a potion of invisibility
 r - a potion of cancellation

Dungeon Overview and Level Annotations

Branches:
Dungeon (2/15) Zot: 10549

Altars:

Shops:
D:1

? >†.......)......#
#.....###.......#
....÷.####'######
####....##.# #.##.##.#
####.##.##.#######
...#.............# .
...÷.......#.###.####gw..
...######.......@g.gK....
...# ##.#..#######B...
...# #....# # ...# ####..
...# ##.. #### ... ...
...


You could see a worm, 3 gnolls, a giant cockroach and a kobold.


Message History

No target in view!
You can't see any susceptible monsters within range! (Use Z to cast anyway.)
v - a scroll labelled XIJAXO SAUF You see here a hobgoblin corpse.
A bat is nearby!
Danger!
The blast of sand hits the bat.
You kill the bat!
You can't see any susceptible monsters within range! (Use Z to cast anyway.)
Found a stone staircase leading down.
Unknown command.
A kobold comes into view. It is wielding a +0 club.
Danger!
The blast of sand hits the kobold!
You kill the kobold!
You can't see any susceptible monsters within range! (Use Z to cast anyway.)
An endoplasm comes into view.
Danger!
A ball python comes into view.
The ball python bites you. The ball python barely misses you.
You hit the ball python.
You kill the ball python!
You can't see any susceptible monsters within range! (Use Z to cast anyway.)
You see here 6 stones {throwing}.
Unknown command.
The endoplasm quivers.
You barely miss the endoplasm. The endoplasm freezes you.
You are frozen.
You hit the endoplasm. You bite the endoplasm. You drain its power.
You feel invigorated. The endoplasm closely misses you.
You hit the endoplasm.
You kill the endoplasm!
No target in view!
No target in view!
m - 12 stones {throwing} (gained 6)
w - 5 boomerangs {throwing} You open the door.
There is an open door here.
A jackal comes into view.
The jackal barks!
Danger!
A jackal comes into view. x2
The jackal barks! x2
The blast of sand hits the jackal!
You kill the jackal!
A jackal comes into view.
The blast of sand hits the jackal.
The jackal barks!
The blast of sand hits the jackal!!
You kill the jackal!
The jackal bites you.
The blast of sand hits the jackal!
You kill the jackal!
The jackal closely misses you. The jackal bites you.
You are too injured to fight recklessly!
Unknown command.
You are too injured to fight recklessly!
Unknown command.
Casting: Sandblast (safe; 1% risk of failure)
Confirm with . or Enter, or press ? or * to list all spells.
Aiming: Sandblast (safe; 1% risk of failure)
Press: ? - help, Shift-Dir - straight line, f - jackal
Aim: a jackal (79% to hit)
The blast of sand hits the jackal!
You kill the jackal!
Unknown command.
Things that are here:
a jackal corpse; a jackal corpse An endoplasm comes into view.
Danger!
The blast of sand hits the endoplasm!
You kill the endoplasm!
You now have 52 gold pieces (gained 10).
There is a stone staircase leading down here.
Things that are here:
a jackal corpse; a jackal corpse
There is an open door here.
A gnoll comes into view. It is wielding a +0 halberd.
Danger! 2 gnolls come into view.
The gnoll shouts!
A kobold comes into view. It is wielding a +0 club.
A gnoll comes into view. It is wielding a +0 spear.
The blast of sand hits the gnoll!
The gnoll shouts! x2
The gnoll hits you from afar with a +0 halberd!
A giant cockroach comes into view.
A worm comes into view.
You are too injured to fight recklessly!
Unknown command.
Casting: Sandblast (safe; 1% risk of failure)
Confirm with . or Enter, or press ? or * to list all spells.
Aiming: Sandblast (safe; 1% risk of failure)
Press: ? - help, Shift-Dir - straight line, f/p - gnoll
Aim: a gnoll, wielding a +0 halberd (almost dead, 85% to hit)
The blast of sand hits the gnoll!
You kill the gnoll!
The gnoll attacks as you move away! The gnoll hits you with a +0 whip!
* * * LOW HITPOINT WARNING * * *
The gnoll attacks as you move away! The gnoll hits you with a +0 whip.
You die...

Skill      XL: |  1  2 |
---------------+-------+-----
Earth Magic    | 4 |  4.6
Dodging        | |  1.5
Stealth        | |  2.4
Spellcasting   | |  2.1
Transmutations | |  1.0

Action                   || total
-------------------------++-------
Melee: Short sword       ||    11
       Bite              ||     3
 Cast: Sandblast         ||    36
  Use: Scroll            ||     5
Armor: Robe              ||     2
Dodge: Dodged            ||     8

Levels and vault maps discovered:
D:1:      dpeg_cavernosity, layout_basic, serial_shops, shop_fountains
D:2:      layout_basic, shapermc_ecumenical_altar_hornbeckon

Notes
Turn   | Place    | Note
-------+----------+-------------------------------------------
     0 | D:1      | Sobieck the Vine Stalker Earth Elementalist began the quest
                  | for the Orb.
     0 | D:1      | Reached XP level 1. HP: 9/9 MP: 4/4
    58 | D:1      | You pick up a book of Transfigurations {@e2} and begin
                  | reading...
    58 | D:1      | You add the spells Irradiate, Blade Hands and Dragon Form
                  | to your library.
   269 | D:1      | Reached XP level 2. HP: 13/13 MP: 3/6
   468 | D:1      | Found Gophitz's Magic Scroll Shoppe.
   487 | D:1      | Bought a scroll of identify for 22 gold pieces
  1087 | D:2      | Reached skill level 4 in Earth Magic
  1087 | D:2      | Reached XP level 3. HP: 16/16 MP: 3/7
  1432 | D:2      | HP: 4/16 [gnoll/+0 whip (6)]
  1433 | D:2      | Slain by a gnoll

Vanquished Creatures
  An adder (D:2)
  A gnoll (D:2)
  2 ball pythons
  3 bats
  3 endoplasms
  A giant cockroach (D:1)
  5 goblins (D:1)
  3 hobgoblins
  4 jackals (D:2)
  2 frilled lizards (D:1)
  4 kobolds
  A rat (D:1)
30 creatures vanquished.

Table legend:
 A = Non-vault XP
 B = Vault XP
 C = Vault XP percentage of total XP
 D = Non-vault monster count
 E = Vault monster count
 F = Vault count percentage of total count
                 A         B        C        D         E       F
            +---------+---------+-------+---------+---------+-------
      Total |      68 |       5 |   6.8 |      26 |       4 |  13.3
            +---------+---------+-------+---------+---------+-------
        D:1 |      22 |       5 |  18.5 |      14 |       4 |  22.2
        D:2 |      46 |       0 |   0.0 |      12 |       0 |   0.0
            +---------+---------+-------+---------+---------+-------

Illustrated notes

Table legend:
 A = Kills in this place as a percentage of kills in entire the game.
 B = Kills by you in this place as a percentage of kills by you in the entire game.
 C = Kills by friends in this place as a percentage of kills by friends in the entire game.
 D = Other kills in this place as a percentage of other kills in the entire game.
 E = Experience gained in this place as a percentage of experience gained in the entire game.
 F = Experience gained in this place divided by the number of levels of this place that you have seen.
                   A       B       C       D       E      F
               +-------+-------+-------+-------+-------+----------------------
         Total | 100.0 | 100.0 |   N/A |   N/A | 100.0 |  36.5
       Dungeon | 100.0 | 100.0 |   N/A |   N/A | 100.0 |  36.5
               +-------+-------+-------+-------+-------+----------------------

Table legend: (Time is in decaauts)
 A = Elapsed time spent in this place.
 B = Non-inter-level travel time spent in this place.
 C = Inter-level travel time spent in this place.
 D = Time resting spent in this place.
 E = Time spent auto-exploring this place.
 F = Levels seen in this place.
 G = Mean time per level.
                   A        B        C        D        E       F      G
               +--------+--------+--------+--------+--------+-----+--------+
         Total |   1451 |   1390 |     61 |      0 |   1221 |   2 |  725.5 |
       Dungeon |   1451 |   1390 |     61 |      0 |   1221 |   2 |  725.5 |
               +--------+--------+--------+--------+--------+-----+--------+

Top non-repeatable levels by time:
     D:1: 1093 daAuts
     D:2: 357 daAuts
